[Event "DVM U10 2024"]
[Site "Duesseldorf"]
[Date "2024.12.28"]
[Round "6"]
[White "Guan, Guoyou"]
[Black "Vahner, Danyil"]
[Result "1-0"]
[ECO "C45"]
[WhiteElo "1128"]
[BlackElo "838"]
[Annotator "NA RC"]
[PlyCount "145"]
[EventDate "2024.12.23"]
[EventType "team-tourn"]
[EventRounds "7"]
[EventCountry "GER"]
[SourceTitle "playchess.com"]
[Source "ChessBase"]
[SourceQuality "1"]
[TimeControl "3300+5"]

1. e4 e5 2. Nf3 Nc6 3. d4 exd4 4. Bc4 Be7 5. Nxd4 Nxd4 6. Qxd4 Nf6 7. Nc3 d6 8. Bg5 O-O 9. O-O-O Ng4 10. f3 Bxg5+ 11. Kb1 Be3 12. Qd3 Bc5 13. fxg4 Bxg4 14. Rde1 Qg5 15. Nd5 c6 16. Nc3 Bf2 17. Ref1 Bb6 18. Qxd6 Rad8 19. Qf4 Be3 20. Bxf7+ Kh8 21. Qxg5 Bxg5 22. Bc4 b5 23. Bb3 b4 24. Na4 Rxf1+ 25. Rxf1 Bf4 26. g3 Be2 27. Re1 Bg5 28. a3 Bf3 29. axb4 Bd2 30. Rf1 Bxe4 31. Nc5 Bxb4 32. Nxe4 Rd4 33. c3 Rxe4 34. cxb4 h6 35. Bc2 Re8 36. Bg6 Rg8 37. Be4 Rc8 38. Rd1 Kg8 39. Rd6 Rf8 40. Rxc6 Re8 41. Bg6 Rf8 42. Rc7 Rf6 43. Rc8+ Rf8 44. Bh7+ Kf7 45. Bg6+ Kg8 46. Rxf8+ Kxf8 47. Kc2 Ke7 48. Kc3 Kd7 49. Kc4 Kc6 50. b5+ Kc7 51. Kc5 Kd7 52. b4 Kc7 53. g4 Kd7 54. b6 axb6+ 55. Kxb6 Kc8 56. Ka7 h5 57. Bxh5 g6 58. Bxg6 Kd7 59. b5 Ke6 60. b6 Kf6 61. Bf5 Kg5 62. b7 Kh4 63. b8=Q Kg5 64. Qg8+ Kf4 65. h4 Ke5 66. h5 Kd6 67. h6 Ke5 68. h7 Kf4 69. h8=Q Kg3 70. Qb3+ Kf4 71. Qh6+ Ke5 72. Qbe3+ Kd5 73. Qhe6# 1-0

[Event "DVM U10 2024"]
[Site "Duesseldorf"]
[Date "2024.12.28"]
[Round "6"]
[White "Mayer, Frederik Eliot"]
[Black "Kutschenreuter, Leo"]
[Result "1-0"]
[ECO "C50"]
[WhiteElo "1128"]
[BlackElo "1085"]
[Annotator "NA RC"]
[PlyCount "133"]
[EventDate "2024.12.23"]
[EventType "team-tourn"]
[EventRounds "7"]
[EventCountry "GER"]
[SourceTitle "playchess.com"]
[Source "ChessBase"]
[SourceQuality "1"]
[TimeControl "3300+5"]

1. e4 e5 2. Nf3 Nc6 3. Bc4 Nf6 4. d3 Bc5 5. Bg5 h6 6. Bh4 g5 7. Bg3 d5 8. exd5 Nxd5 9. Nxe5 Nxe5 10. Bxe5 Qe7 11. Qe2 Rg8 12. c3 Be6 13. d4 Bb6 14. Nd2 O-O-O 15. Qf3 f5 16. O-O g4 17. Qe2 h5 18. f3 g3 19. Bxg3 h4 20. Be5 h3 21. g3 f4 22. Bxd5 Bxd5 23. Rfe1 fxg3 24. Bxg3 Qxe2 25. Rxe2 c6 26. Kf2 Bc7 27. Rg1 Bxg3+ 28. hxg3 Rh8 29. Rh1 Bxa2 30. Ree1 Bd5 31. Ra1 a6 32. Rae1 b5 33. Rh2 Kb7 34. Nb1 Rdf8 35. f4 Kb6 36. Na3 a5 37. Nc2 a4 38. Re5 Ka5 39. Nb4 Rd8 40. Rxd5 cxd5 41. Nc6+ Kb6 42. Nxd8 Rxd8 43. Rxh3 Ra8 44. Rh6+ Kc7 45. f5 Kd7 46. g4 a3 47. bxa3 Ke7 48. Re6+ Kf7 49. Rb6 Rxa3 50. Rxb5 Rxc3 51. Rxd5 Rc4 52. Kf3 Kf6 53. Kf4 Rc6 54. g5+ Kf7 55. Rd7+ Ke8 56. Ra7 Kf8 57. Ke5 Kg8 58. d5 Rb6 59. f6 Kf8 60. g6 Rb8 61. d6 Re8+ 62. Re7 Rc8 63. Ke6 Kg8 64. f7+ Kf8 65. Re8+ Rxe8+ 66. fxe8=Q+ Kxe8 67. g7 1-0

[Event "DVM U10 2024"]
[Site "Duesseldorf"]
[Date "2024.12.28"]
[Round "6"]
[White "Ju, Eric Zirui"]
[Black "Peters, Leopold"]
[Result "0-1"]
[ECO "C00"]
[WhiteElo "1126"]
[BlackElo "1701"]
[Annotator "NA RC"]
[PlyCount "142"]
[EventDate "2024.12.23"]
[EventType "team-tourn"]
[EventRounds "7"]
[EventCountry "GER"]
[SourceTitle "playchess.com"]
[Source "ChessBase"]
[SourceQuality "1"]
[TimeControl "3300+5"]

1. e4 e6 2. Nf3 d5 3. d3 Nf6 4. Bg5 dxe4 5. Bxf6 Qxf6 6. dxe4 Qxb2 7. Nbd2 Bd6 8. Bd3 Qb6 9. O-O O-O 10. Rb1 Qc5 11. e5 Be7 12. Ne4 Qc6 13. Bb5 Qxe4 14. c4 a6 15. Re1 Qf4 16. Ba4 Qxc4 17. Bb3 Qf4 18. Rc1 c5 19. Rc4 Qh6 20. Ree4 g6 21. h3 b5 22. Rc1 Bb7 23. Re3 Rd8 24. Qf1 c4 25. Bc2 Bg5 26. Nxg5 Qxg5 27. Be4 Bxe4 28. Rxe4 Nc6 29. Rce1 Rd2 30. f4 Qe7 31. a4 Qc5+ 32. Kh1 Qf2 33. Qxf2 Rxf2 34. axb5 axb5 35. Rb1 Rd8 36. Rxb5 Rd4 37. Re3 Rfxf4 38. Rc3 Rd5 39. Rb6 Nxe5 40. Rb8+ Kg7 41. Rc8 Kf6 42. g3 Rf2 43. Kg1 Rdd2 44. Ra8 Nf3+ 45. Rxf3+ Rxf3 46. Rc8 c3 47. g4 Rff2 48. Rxc3 Rh2 49. Rf3+ Ke7 50. Rg3 Rhg2+ 51. Rxg2 Rxg2+ 52. Kxg2 Kd6 53. Kf3 Kd5 54. Kf4 Kd4 55. Kf3 e5 56. Kf2 e4 57. Ke2 g5 58. Kd2 e3+ 59. Ke2 Ke4 60. Ke1 Kd3 61. Kd1 e2+ 62. Ke1 f6 63. Kf2 Kd2 64. Kg2 e1=Q 65. Kf3 Qe3+ 66. Kg2 Qf4 67. Kg1 Ke2 68. Kg2 Qf3+ 69. Kg1 Qg3+ 70. Kh1 Kf2 71. h4 Qg2# 0-1

[Event "DVM U10 2024"]
[Site "Duesseldorf"]
[Date "2024.12.28"]
[Round "6"]
[White "Dres, Friedrich"]
[Black "Bentele, Otto"]
[Result "1-0"]
[ECO "C54"]
[WhiteElo "1123"]
[BlackElo "1522"]
[Annotator "NA RC"]
[PlyCount "55"]
[EventDate "2024.12.23"]
[EventType "team-tourn"]
[EventRounds "7"]
[EventCountry "GER"]
[SourceTitle "playchess.com"]
[Source "ChessBase"]
[SourceQuality "1"]
[TimeControl "3300+5"]

1. e4 e5 2. Nf3 Nc6 3. Bc4 Bc5 4. c3 Nf6 5. d4 exd4 6. e5 d5 7. exf6 dxc4 8. fxg7 Rg8 9. O-O Rxg7 10. cxd4 Be7 11. d5 Nb8 12. Re1 Nd7 13. Bg5 f6 14. Bf4 Kf7 15. d6 Bxd6 16. Qd5+ Kf8 17. Bh6 Nb6 18. Bxg7+ Kxg7 19. Qh5 Bb4 20. Nc3 Bd7 21. Rad1 Bd6 22. Nd4 Qc8 23. h3 c5 24. Ndb5 Be5 25. f4 Be8 26. Qf3 Kh8 27. fxe5 fxe5 28. Qf8# 1-0

[Event "DVM U10 2024"]
[Site "Duesseldorf"]
[Date "2024.12.28"]
[Round "6"]
[White "Qu, Mengdi"]
[Black "Luo, Milo"]
[Result "1-0"]
[ECO "B70"]
[WhiteElo "1111"]
[BlackElo "1083"]
[Annotator "NA RC"]
[PlyCount "103"]
[EventDate "2024.12.23"]
[EventType "team-tourn"]
[EventRounds "7"]
[EventCountry "GER"]
[SourceTitle "playchess.com"]
[Source "ChessBase"]
[SourceQuality "1"]
[TimeControl "3300+5"]

1. e4 c5 2. Nf3 d6 3. d4 cxd4 4. Nxd4 Nf6 5. Nc3 g6 6. Bc4 e6 7. Qd3 Bg7 8. Be3 O-O 9. O-O-O d5 10. Nf3 Nc6 11. exd5 exd5 12. Nxd5 Nxd5 13. Bxd5 Nb4 14. Bxf7+ Kxf7 15. Qxd8 Rxd8 16. Rxd8 Nxc2 17. Rhd1 Nxe3 18. fxe3 Bf6 19. R1d7+ Ke6 20. Nd4+ Ke5 21. Re8+ Be7 22. Rexe7+ Kf6 23. Re8 h5 24. Rdd8 a5 25. Rxc8 Ra6 26. Re6+ Rxe6 27. Nxe6 Kxe6 28. Rb8 Kd5 29. Rxb7 Kc6 30. Rg7 Kd5 31. Rxg6 Ke4 32. Rg5 h4 33. Rxa5 Kxe3 34. b4 Kf2 35. Rh5 Kxg2 36. b5 h3 37. b6 Kxh2 38. Rxh3+ Kxh3 39. b7 Kg4 40. b8=Q Kf5 41. Qe8 Kf4 42. Qe6 Kf3 43. Qe5 Kf2 44. Qe4 Kf1 45. Qe3 Kg2 46. Qf4 Kg1 47. Qf3 Kh2 48. Qg4 Kh1 49. Kd2 Kh2 50. Ke2 Kh1 51. Kf2 Kh2 52. Qh4# 1-0

[Event "DVM U10 2024"]
[Site "Duesseldorf"]
[Date "2024.12.28"]
[Round "6"]
[White "Haberger, Nino"]
[Black "Ragavendra Prasanna, Shyam Sundar"]
[Result "1/2-1/2"]
[ECO "C50"]
[WhiteElo "1098"]
[BlackElo "1524"]
[Annotator "NA RC"]
[PlyCount "110"]
[EventDate "2024.12.23"]
[EventType "team-tourn"]
[EventRounds "7"]
[EventCountry "GER"]
[SourceTitle "playchess.com"]
[Source "ChessBase"]
[SourceQuality "1"]
[TimeControl "3300+5"]

1. e4 e5 2. Bc4 Nf6 3. Nc3 Nc6 4. Nf3 Bc5 5. O-O d6 6. d3 Bg4 7. Be3 Nd4 8. Bxd4 exd4 9. Nd5 c6 10. Nxf6+ Qxf6 11. h3 Bh5 12. Re1 O-O-O 13. a3 Rhg8 14. b4 Bb6 15. a4 g5 16. a5 Bc7 17. a6 b5 18. Bb3 Qg6 19. g4 Bxg4 20. hxg4 h5 21. Nh2 Rh8 22. Qf3 Rdf8 23. Qf5+ Qxf5 24. exf5 d5 25. Kg2 f6 26. Re6 hxg4 27. Nxg4 Rh4 28. f3 Kd7 29. Rae1 Rf7 30. Rxf6 Rxg4+ 31. fxg4 Rxf6 32. Rh1 Rf7 33. Rh5 Bd8 34. Kf3 Re7 35. Kf2 Re3 36. Rh7+ Re7 37. Rh6 Rf7 38. Rg6 Rh7 39. Kg2 Ke7 40. Rxg5 Kf7 41. Rh5 Rxh5 42. gxh5 Kf6 43. Kg3 Kxf5 44. h6 Kg6 45. Kf4 Bc7+ 46. Kg4 Be5 47. h7 Bf6 48. Kf4 Bg7 49. Ba2 Bf6 50. Bb1 Bg7 51. Ba2 Bf6 52. Bb3 Bg7 53. Ba2 Bf6 54. Bb1 Bg7 55. Ba2 Bf6 1/2-1/2

[Event "DVM U10 2024"]
[Site "Duesseldorf"]
[Date "2024.12.28"]
[Round "6"]
[White "Kirchgessner, Thomas"]
[Black "Frikel, Konstantin"]
[Result "0-1"]
[ECO "C54"]
[WhiteElo "1094"]
[BlackElo "1199"]
[Annotator "NA RC"]
[PlyCount "124"]
[EventDate "2024.12.23"]
[EventType "team-tourn"]
[EventRounds "7"]
[EventCountry "GER"]
[SourceTitle "playchess.com"]
[Source "ChessBase"]
[SourceQuality "1"]
[TimeControl "3300+5"]

1. e4 e5 2. Nf3 Nc6 3. Bc4 Bc5 4. c3 Nf6 5. d3 d5 6. exd5 Nxd5 7. b4 Bb6 8. a4 a5 9. b5 Nce7 10. Nxe5 Nxc3 11. Nxc3 Qd4 12. O-O Qxe5 13. Bd2 c6 14. Qf3 O-O 15. Rfe1 Qd6 16. Ne4 Qg6 17. h3 Nf5 18. Ng5 Nd4 19. Bxf7+ Kh8 20. Bxg6 Nxf3+ 21. Nxf3 hxg6 22. Re7 Bc5 23. Re2 Bf5 24. d4 Bb6 25. Rae1 Bxh3 26. Ng5 Bg4 27. Re4 Bf5 28. Rh4+ Kg8 29. g4 Bd3 30. Re3 Bxd4 31. Rxd3 Bxf2+ 32. Kg2 Bxh4 33. Nf3 Rad8 34. Rxd8 Rxd8 35. Bxa5 Ra8 36. Bc3 Bf6 37. Bd2 Rxa4 38. g5 Be7 39. bxc6 bxc6 40. Ne5 Ra2 41. Nf3 Bxg5 42. Nxg5 Rxd2+ 43. Kf3 c5 44. Ke3 Rd8 45. Ne6 Re8 46. Ke4 Rxe6+ 47. Kd5 Rc6 48. Kc4 g5 49. Kd3 c4+ 50. Kc2 g4 51. Kc3 g3 52. Kb4 g2 53. Kb5 Rf6 54. Kc5 g1=Q+ 55. Kb4 Rb6+ 56. Kxc4 Qc1+ 57. Kd5 Rb2 58. Ke4 Qd1 59. Kf4 Qe1 60. Kg5 Qf1 61. Kg6 Rg2+ 62. Kh5 Qh1# 0-1

[Event "DVM U10 2024"]
[Site "Duesseldorf"]
[Date "2024.12.28"]
[Round "6"]
[White "Golnik, Rasmus"]
[Black "Schonlau, Leopold"]
[Result "1-0"]
[ECO "D40"]
[WhiteElo "1087"]
[BlackElo "1533"]
[Annotator "NA RC"]
[PlyCount "95"]
[EventDate "2024.12.23"]
[EventType "team-tourn"]
[EventRounds "7"]
[EventCountry "GER"]
[SourceTitle "playchess.com"]
[Source "ChessBase"]
[SourceQuality "1"]
[TimeControl "3300+5"]

1. d4 d5 2. Nf3 Nf6 3. e3 c5 4. c4 e6 5. Nc3 Nc6 6. Bd3 Bd7 7. O-O Bd6 8. Re1 O-O 9. e4 dxe4 10. Nxe4 Be7 11. Nxc5 Bxc5 12. dxc5 Re8 13. Bg5 h6 14. Bh4 e5 15. Re2 Bg4 16. Re3 Nd4 17. Be2 Nf5 18. Rd3 Qe7 19. Bxf6 Qxf6 20. Rd2 Rad8 21. h3 Bxf3 22. Bxf3 Qg5 23. Rxd8 Rxd8 24. Qe2 Nd4 25. Qe4 f5 26. Qxb7 e4 27. Bd1 a6 28. c6 Nf3+ 29. Kh1 Nh4 30. g3 Rd2 31. gxh4 Qxh4 32. Qc8+ Kh7 33. Qxf5+ Kg8 34. Kg2 e3 35. Qe6+ Kh7 36. Qxe3 Rd6 37. c7 Rc6 38. Qd3+ Kh8 39. Qd8+ Qxd8 40. cxd8=Q+ Kh7 41. Bc2+ Rg6+ 42. Bxg6+ Kxg6 43. c5 Kf7 44. c6 Ke6 45. c7 Ke5 46. c8=Q Ke4 47. Qc5 Kf4 48. Qdd4# 1-0

[Event "DVM U10 2024"]
[Site "Duesseldorf"]
[Date "2024.12.28"]
[Round "6"]
[White "Brakhane, Justus"]
[Black "Jöhnke, Thore"]
[Result "1/2-1/2"]
[ECO "C47"]
[WhiteElo "1068"]
[BlackElo "861"]
[Annotator "NA RC"]
[PlyCount "138"]
[EventDate "2024.12.23"]
[EventType "team-tourn"]
[EventRounds "7"]
[EventCountry "GER"]
[SourceTitle "playchess.com"]
[Source "ChessBase"]
[SourceQuality "1"]
[TimeControl "3300+5"]

1. e4 e5 2. Nf3 Nc6 3. d4 exd4 4. Nxd4 Nf6 5. Nc3 Bc5 6. Be3 Nxd4 7. Bxd4 Bxd4 8. Qxd4 O-O 9. Bc4 d6 10. O-O-O Be6 11. Bxe6 fxe6 12. f3 e5 13. Qd2 a5 14. g4 a4 15. h4 a3 16. b3 c5 17. Qd3 Qc7 18. h5 c4 19. Qxc4+ Qxc4 20. bxc4 Rfc8 21. g5 Ne8 22. Nb5 Rxc4 23. Nxd6 Nxd6 24. Rxd6 Rac8 25. Rh2 Rb4 26. Rd3 Ra4 27. Re2 Rf8 28. Ree3 Rfa8 29. Rd5 Rb8 30. Rxe5 b5 31. Rb3 b4 32. c3 Kf8 33. cxb4 Raxb4 34. Rxb4 Rxb4 35. Kc2 Rb2+ 36. Kc3 Kf7 37. Ra5 Rxa2 38. Kb3 Rb2+ 39. Kxa3 Rf2 40. Rf5+ Ke6 41. Kb4 Re2 42. Ra5 Rf2 43. Rf5 Re2 44. Rf8 Ke7 45. Rf4 Ke6 46. Kc4 Rc2+ 47. Kd3 Ra2 48. Kd4 Ra4+ 49. Ke3 Ra3+ 50. Kf2 Ra2+ 51. Kg3 Ra1 52. h6 gxh6 53. gxh6 Rh1 54. Rh4 Rg1+ 55. Kf2 Rc1 56. Rg4 Rc2+ 57. Ke3 Rc3+ 58. Kd4 Ra3 59. Rg7 Ra4+ 60. Ke3 Ra3+ 61. Kf4 Kf6 62. Rxh7 Kg6 63. Re7 Kxh6 64. Rf7 Ra6 65. e5 Kg6 66. Rf6+ Rxf6+ 67. exf6 Kxf6 68. Kg4 Kg6 69. f4 Kf6 1/2-1/2

[Event "DVM U10 2024"]
[Site "Duesseldorf"]
[Date "2024.12.28"]
[Round "6"]
[White "Saloum, Michael"]
[Black "Gerigk, Maximilian"]
[Result "1-0"]
[ECO "C42"]
[WhiteElo "1067"]
[BlackElo "823"]
[Annotator "NA RC"]
[PlyCount "113"]
[EventDate "2024.12.23"]
[EventType "team-tourn"]
[EventRounds "7"]
[EventCountry "GER"]
[SourceTitle "playchess.com"]
[Source "ChessBase"]
[SourceQuality "1"]
[TimeControl "3300+5"]

1. e4 e5 2. Nf3 Nc6 3. Nc3 Nf6 4. Bc4 Bb4 5. O-O O-O 6. Re1 d6 7. a3 Bxc3 8. dxc3 Be6 9. Bxe6 fxe6 10. Bg5 Qd7 11. b3 h6 12. Bxf6 Rxf6 13. c4 Qe7 14. b4 Rd8 15. c3 Qf7 16. a4 a6 17. b5 axb5 18. cxb5 Ne7 19. Nxe5 Qf8 20. Nf3 d5 21. Qd4 Rf4 22. Qe5 Ng6 23. Qxe6+ Qf7 24. Qxf7+ Rxf7 25. exd5 Rxd5 26. c4 Rc5 27. Nd2 Rg5 28. Ne4 Re5 29. c5 Rfe7 30. f3 Kf8 31. Rad1 Ke8 32. a5 Rd7 33. a6 bxa6 34. bxa6 Rxd1 35. Rxd1 Re7 36. a7 Kf8 37. a8=Q+ Re8 38. Rd8 Rxd8 39. Qxd8+ Kf7 40. Qxc7+ Ke6 41. Qd6+ Kf5 42. Qd5+ Kf4 43. Qf7+ Ke5 44. Qxg6 Kd5 45. Qf5+ Kc6 46. Qc8+ Kd5 47. Qc7 g6 48. c6 h5 49. Qa5+ Kxc6 50. Qc5+ Kd7 51. Qd6+ Ke8 52. Kf2 Kf7 53. Ke3 Kg7 54. Qd7+ Kh6 55. Kf4 g5+ 56. Nxg5 Kg6 57. Qf7+ 1-0

[Event "DVM U10 2024"]
[Site "Duesseldorf"]
[Date "2024.12.28"]
[Round "6"]
[White "Fredrich, Tarje"]
[Black "Schacht, Jakob Otto"]
[Result "0-1"]
[ECO "B02"]
[WhiteElo "1056"]
[BlackElo "1064"]
[Annotator "NA RC"]
[PlyCount "88"]
[EventDate "2024.12.23"]
[EventType "team-tourn"]
[EventRounds "7"]
[EventCountry "GER"]
[SourceTitle "playchess.com"]
[Source "ChessBase"]
[SourceQuality "1"]
[TimeControl "3300+5"]

1. e4 d5 2. exd5 Nf6 3. Nc3 Nxd5 4. Bb5+ c6 5. Nxd5 Qxd5 6. c4 Qxg2 7. Qf3 Qxf3 8. Nxf3 cxb5 9. cxb5 Bf5 10. d4 Be4 11. Ke2 e6 12. Rd1 Bxf3+ 13. Kxf3 Bd6 14. d5 exd5 15. Rxd5 Bxh2 16. Bg5 O-O 17. Be7 Re8 18. Kg2 Bc7 19. Rd7 Nxd7 20. Bd8 Rexd8 21. Rd1 Nf6 22. Rxd8+ Rxd8 23. b6 Bxb6 24. Kh1 Bxf2 25. Kg2 Bb6 26. a4 Rd2+ 27. Kg3 Rxb2 28. a5 Bxa5 29. Kh3 Re2 30. Kg3 Re1 31. Kf2 Bd2 32. Kg2 b5 33. Kf2 b4 34. Kg2 b3 35. Kf2 Re3 36. Kg2 b2 37. Kh2 b1=Q 38. Kg2 Qg6+ 39. Kf1 Qf5+ 40. Kg2 Qg4+ 41. Kf2 Qf3+ 42. Kg1 Re1+ 43. Kh2 Re2+ 44. Kg1 Qg2# 0-1

[Event "DVM U10 2024"]
[Site "Duesseldorf"]
[Date "2024.12.28"]
[Round "6"]
[White "Hornych, Fridtjof"]
[Black "Roppel, Alexander"]
[Result "1-0"]
[ECO "C50"]
[WhiteElo "1053"]
[BlackElo "954"]
[Annotator "NA RC"]
[PlyCount "53"]
[EventDate "2024.12.23"]
[EventType "team-tourn"]
[EventRounds "7"]
[EventCountry "GER"]
[SourceTitle "playchess.com"]
[Source "ChessBase"]
[SourceQuality "1"]
[TimeControl "3300+5"]

1. e4 e5 2. Nf3 Nf6 3. Nc3 Bc5 4. Bc4 Nc6 5. O-O d6 6. d3 h6 7. Qe2 Bg4 8. Be3 Nh5 9. h3 Nf4 10. Bxf4 Bxf3 11. Qxf3 Nd4 12. Qg3 exf4 13. Qxg7 Rf8 14. Rfe1 Nxc2 15. e5 Nxe1 16. Rxe1 Kd7 17. Nd5 Kc8 18. e6 Qe8 19. Nf6 Qe7 20. Nd5 Qe8 21. Kf1 c6 22. exf7 Qd8 23. Re8 Rxe8 24. fxe8=Q Bb6 25. Qgd7+ Kb8 26. Qexd8+ Bxd8 27. Qxd8# 1-0

[Event "DVM U10 2024"]
[Site "Duesseldorf"]
[Date "2024.12.28"]
[Round "6"]
[White "Mettenbrink, Tammo"]
[Black "Chen, Aimée"]
[Result "0-1"]
[ECO "C50"]
[WhiteElo "1029"]
[BlackElo "1090"]
[Annotator "NA RC"]
[PlyCount "122"]
[EventDate "2024.12.23"]
[EventType "team-tourn"]
[EventRounds "7"]
[EventCountry "GER"]
[SourceTitle "playchess.com"]
[Source "ChessBase"]
[SourceQuality "1"]
[TimeControl "3300+5"]

1. e4 e5 2. Nf3 Nc6 3. Bc4 Bc5 4. Nc3 Nf6 5. d3 h6 6. Bb5 d6 7. O-O O-O 8. h3 Be6 9. Ba4 Ne7 10. Bb3 Ng6 11. Bxe6 fxe6 12. Bd2 d5 13. Qc1 Qe7 14. exd5 exd5 15. Re1 Rae8 16. Re2 c6 17. Qe1 Qc7 18. Be3 Bxe3 19. Rxe3 d4 20. Re2 dxc3 21. Qxc3 Nd5 22. Qb3 Qf7 23. Rae1 Ndf4 24. Qxf7+ Rxf7 25. Re4 Rfe7 26. g3 Nxh3+ 27. Kh2 Nxf2 28. R4e2 Ng4+ 29. Kh3 Nf6 30. g4 Nf4+ 31. Kg3 Nxe2+ 32. Rxe2 e4 33. dxe4 Rxe4 34. Rd2 Rxg4+ 35. Kf2 Ne4+ 36. Kf1 Nxd2+ 37. Nxd2 Rf4+ 38. Kg2 Re2+ 39. Kg3 Rxd2 40. Kxf4 Rxc2 41. Ke5 h5 42. Kf4 Rg2 43. Kf3 Rxb2 44. Kg3 c5 45. Kh4 c4 46. Kxh5 c3 47. Kg4 c2 48. Kf4 c1=Q+ 49. Ke5 Qe3+ 50. Kd5 Rd2+ 51. Kc4 Qd3+ 52. Kb4 a5+ 53. Kxa5 b6+ 54. Kxb6 Qd5 55. a4 Ra2 56. Kc7 Rc2+ 57. Kb6 Qb3+ 58. Ka5 Rc5+ 59. Ka6 Qxa4+ 60. Kb7 Qb4+ 61. Ka6 Ra5# 0-1

[Event "DVM U10 2024"]
[Site "Duesseldorf"]
[Date "2024.12.28"]
[Round "6"]
[White "Pahl, Eirik"]
[Black "Tschötsch, Hugo"]
[Result "1/2-1/2"]
[ECO "A45"]
[WhiteElo "1010"]
[BlackElo "1110"]
[Annotator "NA RC"]
[PlyCount "71"]
[EventDate "2024.12.23"]
[EventType "team-tourn"]
[EventRounds "7"]
[EventCountry "GER"]
[SourceTitle "playchess.com"]
[Source "ChessBase"]
[SourceQuality "1"]
[TimeControl "3300+5"]

1. d4 Nf6 2. Nc3 e6 3. e4 Bb4 4. e5 Nd5 5. Bd2 Bxc3 6. bxc3 O-O 7. c4 Ne7 8. Bf4 b6 9. d5 Ba6 10. Nf3 h6 11. Be2 Bb7 12. d6 Nec6 13. O-O Na5 14. Qd4 Nbc6 15. Qc3 Rc8 16. c5 bxc5 17. Qxc5 cxd6 18. exd6 Ba8 19. Rab1 Rb8 20. Rxb8 Qxb8 21. Bd2 Nb7 22. Qc4 Nxd6 23. Qg4 Nf5 24. Bd3 Nce7 25. Nh4 Ng6 26. Nxf5 exf5 27. Bxf5 Qd6 28. Bb4 Qc6 29. Bxf8 Nxf8 30. f3 g6 31. Be4 Qb6+ 32. Rf2 Qb1+ 33. Rf1 Qb6+ 34. Kh1 Bxe4 35. Qxe4 Qa6 36. Ra1 1/2-1/2

[Event "DVM U10 2024"]
[Site "Duesseldorf"]
[Date "2024.12.28"]
[Round "6"]
[White "Glaser-Gallion, Leonas"]
[Black "Pohlmann, Johannes Leon"]
[Result "0-1"]
[ECO "B30"]
[WhiteElo "1000"]
[BlackElo "1127"]
[Annotator "NA"]
[PlyCount "112"]
[EventDate "2024.12.23"]
[EventType "team-tourn"]
[EventRounds "7"]
[EventCountry "GER"]
[SourceTitle "playchess.com"]
[Source "ChessBase"]
[SourceQuality "1"]
[TimeControl "3300+5"]

1. e4 c5 2. Nf3 e6 3. Bc4 a6 4. Nc3 Nc6 5. d3 h6 6. Bf4 d6 7. O-O Nf6 8. e5 dxe5 9. Nxe5 Nxe5 10. Bxe5 Be7 11. Qf3 O-O 12. Qg3 Bd7 13. Ne4 Bc6 14. c3 Kh7 15. a3 Rg8 16. Rfd1 Qf8 17. b4 cxb4 18. axb4 Nxe4 19. dxe4 Bxe4 20. Bd3 Bxd3 21. Rxd3 Rd8 22. Rf3 Bd6 23. Bxd6 Qxd6 24. h3 Qxg3 25. Rxg3 Rc8 26. Rd1 Rgd8 27. Rxd8 Rxd8 28. Rf3 Kg8 29. Kh2 Rd5 30. Kg3 Rg5+ 31. Kh4 Rxg2 32. Kh5 Rg5+ 33. Kh4 Kf8 34. Rg3 Rxg3 35. Kxg3 Ke7 36. Kf4 Kd6 37. Ke4 e5 38. Kd3 Kd5 39. c4+ Kd6 40. Ke4 Ke6 41. f4 f5+ 42. Ke3 exf4+ 43. Kxf4 Kf6 44. h4 g5+ 45. hxg5+ hxg5+ 46. Kg3 f4+ 47. Kg4 Kg6 48. c5 Kf6 49. Kf3 Kf5 50. Kg2 g4 51. Kf2 f3 52. Kf1 Kf4 53. Kf2 g3+ 54. Kf1 f2 55. c6 Kf3 56. cxb7 g2# 0-1

[Event "DVM U10 2024"]
[Site "Duesseldorf"]
[Date "2024.12.28"]
[Round "6"]
[White "Horn, Philipp"]
[Black "Elli, Emeric"]
[Result "0-1"]
[ECO "C47"]
[WhiteElo "988"]
[BlackElo "1574"]
[Annotator "NA RC"]
[PlyCount "74"]
[EventDate "2024.12.23"]
[EventType "team-tourn"]
[EventRounds "7"]
[EventCountry "GER"]
[SourceTitle "playchess.com"]
[Source "ChessBase"]
[SourceQuality "1"]
[TimeControl "3300+5"]

1. e4 e5 2. Nf3 Nc6 3. d4 exd4 4. Nxd4 Nf6 5. Nc3 Bc5 6. Nxc6 bxc6 7. Bd3 O-O 8. O-O h6 9. Bf4 d6 10. Re1 Ng4 11. Be3 Bxe3 12. fxe3 Qh4 13. Qf3 Qxh2+ 14. Kf1 Qh5 15. Ke2 Nf6 16. Qxh5 Nxh5 17. Kd2 Nf6 18. Bc4 Ng4 19. Be2 Ne5 20. Rg1 Bg4 21. Bxg4 Nxg4 22. Ke2 Ne5 23. g4 f6 24. Nd1 d5 25. exd5 cxd5 26. Nf2 Rab8 27. b3 Rfe8 28. Rac1 Nc6 29. c3 Re7 30. Kd2 Rbe8 31. Nd1 Na5 32. Kd3 c5 33. b4 cxb4 34. cxb4 Nc4 35. Rg3 Rb8 36. Rb1 Reb7 37. Kc3 a5 0-1

[Event "DVM U10 2024"]
[Site "Duesseldorf"]
[Date "2024.12.28"]
[Round "6"]
[White "Kolesnikoff, Christophe"]
[Black "Tolle, Jonathan"]
[Result "1/2-1/2"]
[ECO "D04"]
[WhiteElo "980"]
[BlackElo "1149"]
[Annotator "NA RC"]
[PlyCount "106"]
[EventDate "2024.12.23"]
[EventType "team-tourn"]
[EventRounds "7"]
[EventCountry "GER"]
[SourceTitle "playchess.com"]
[Source "ChessBase"]
[SourceQuality "1"]
[TimeControl "3300+5"]

1. d4 d5 2. Nf3 Bg4 3. e3 Nf6 4. g3 e6 5. Bg2 Bd6 6. O-O O-O 7. c4 Nbd7 8. Nbd2 Re8 9. Re1 Ne4 10. Qc2 Nef6 11. e4 dxe4 12. Nxe4 Bf5 13. Nxf6+ Qxf6 14. Qc3 h6 15. Be3 Bg4 16. Bd2 e5 17. dxe5 Nxe5 18. Nxe5 Bxe5 19. Qb4 Bf3 20. Bxf3 Qxf3 21. Re3 Qc6 22. Rae1 Bd6 23. Rxe8+ Rxe8 24. Rxe8+ Qxe8 25. Qxb7 Qa4 26. a3 Qd1+ 27. Kg2 Qxd2 28. Qc8+ Kh7 29. Qf5+ Kg8 30. Qc8+ Bf8 31. Qxc7 Qxb2 32. Qxa7 Bxa3 33. Qa8+ Bf8 34. Qe4 Qb4 35. f4 Qd2+ 36. Kh3 Qd7+ 37. Kg2 Qa4 38. f5 Qa6 39. h4 Qf6 40. Kh3 g6 41. fxg6 fxg6 42. c5 Qf1+ 43. Kh2 Kh7 44. h5 Qf6 45. hxg6+ Qxg6 46. Qb7+ Qg7 47. Qe4+ Qg6 48. Qb7+ Qg7 49. Qe4+ Qg6 50. Qxg6+ Kxg6 51. c6 Bd6 52. Kh3 Kh5 53. g4+ Kg5 1/2-1/2

[Event "DVM U10 2024"]
[Site "Duesseldorf"]
[Date "2024.12.28"]
[Round "6"]
[White "Özdemir, Anna Valentina"]
[Black "Möller, Lia Sofie"]
[Result "1-0"]
[ECO "B45"]
[WhiteElo "954"]
[BlackElo "829"]
[Annotator "NA"]
[PlyCount "81"]
[EventDate "2024.12.23"]
[EventType "team-tourn"]
[EventRounds "7"]
[EventCountry "GER"]
[SourceTitle "playchess.com"]
[Source "ChessBase"]
[SourceQuality "1"]
[TimeControl "3300+5"]

1. e4 c5 2. Nf3 e6 3. d4 cxd4 4. Nxd4 Nc6 5. Nxc6 bxc6 6. Nc3 Nf6 7. Bg5 Be7 8. e5 Nd5 9. Nxd5 exd5 10. Bxe7 Qxe7 11. Qh5 g6 12. Qd1 Qxe5+ 13. Be2 Rb8 14. b3 Qc3+ 15. Kf1 O-O 16. Rb1 c5 17. Qxd5 Qa5 18. Qe5 Bb7 19. h4 Qxa2 20. Rd1 Bc6 21. h5 Rfe8 22. Qf6 Re6 23. Qc3 g5 24. h6 Kf8 25. Qh8+ Ke7 26. Qxb8 Qxc2 27. Re1 Qe4 28. Rh2 Qe5 29. Qxe5 Rxe5 30. Ra1 d5 31. Rxa7+ Kf6 32. Rh3 d4 33. Rd3 Be4 34. Ra6+ Kf5 35. g4+ Kf4 36. Rf6+ Bf5 37. Rf3+ Kxg4 38. R3xf5+ Kh4 39. Rxe5 g4 40. Rf4 Kh3 41. Rh5# 1-0

[Event "DVM U10 2024"]
[Site "Duesseldorf"]
[Date "2024.12.28"]
[Round "6"]
[White "Zhu, Elias"]
[Black "Belyakov, Konstantin"]
[Result "0-1"]
[ECO "C11"]
[WhiteElo "934"]
[BlackElo "1251"]
[Annotator "NA RC"]
[PlyCount "80"]
[EventDate "2024.12.23"]
[EventType "team-tourn"]
[EventRounds "7"]
[EventCountry "GER"]
[SourceTitle "playchess.com"]
[Source "ChessBase"]
[SourceQuality "1"]
[TimeControl "3300+5"]

1. e4 e6 2. d4 d5 3. Nc3 Nf6 4. e5 Nfd7 5. a3 c5 6. Nf3 Nc6 7. Be3 Qb6 8. Na4 Qa5+ 9. Nc3 cxd4 10. Nxd4 Nxd4 11. Bxd4 Qc7 12. f4 Bc5 13. Be2 a6 14. O-O O-O 15. Kh1 Bxd4 16. Qxd4 Qb6 17. Qxb6 Nxb6 18. Bd3 g6 19. a4 a5 20. Nb5 Bd7 21. Nd6 Rab8 22. Rf3 Nxa4 23. b3 Nc5 24. Rxa5 Nxd3 25. Rxd3 Bc6 26. c4 Ra8 27. Rxa8 Rxa8 28. h3 Ra2 29. g4 dxc4+ 30. Kg1 cxd3 31. Nc4 d2 32. Ne3 Ra1+ 33. Kf2 d1=Q 34. Nxd1 Rxd1 35. Kg3 Rd3+ 36. Kh4 Rxb3 37. g5 Bg2 38. f5 Rxh3+ 39. Kg4 gxf5+ 40. Kf4 Rf3# 0-1